Map: Dusk Towers

Players

Mindele

  • Race: Terran Terran
  • League: Bronze

A.I. 1 (Very Easy)

  • Race: Protoss Protoss

VOD

Have the link to the VOD?

Description

Time

  • Played on: May 13, 2016, 8:47 p.m.
  • Length: 4:23
Show
View Real Time Build Order
Export as new Build Order

Mindele Terran 

Build Orders: MMM Bio, Banshee Rush 

Get SALT Encoding   

  1  0:00  Charge, Terran Vehicle Armor Level 1, Protoss Air Weapons Level 2, Terran Ship Armor Level 3, Terran Ship Armor Level 1, Protoss Ground Armor Level 3, Zerg Ground Armor Level 1, Zerg Missile Weapons Level 2, Resonating Glaives, Zerg Melee Weapons Level 1, Protoss Ground Armor Level 2, Zerg Flyer Armor Level 2, Zerg Melee Weapons Level 3, Zerg Flyer Armor Level 1, Terran Ship Weapons Level 3, Protoss Air Armor Level 2, Terran Infantry Armor Level 2, Zerg Missile Weapons Level 1, Terran Ship Armor Level 2, Terran Vehicle Armor Level 3, Blink, Zerg Flyer Armor Level 3, Terran Vehicle Weapons Level 1, Zerg Flyer Weapons Level 2, Zerg Ground Armor Level 2, Terran Infantry Weapons Level 1, Terran Infantry Armor Level 1, Protoss Shields Level 2, Protoss Shields Level 1, Zerg Melee Weapons Level 2, Terran Ship Weapons Level 2, Protoss Air Armor Level 1, Stimpack, Protoss Air Weapons Level 1, Zerg Ground Armor Level 3, Protoss Air Armor Level 3, Terran Vehicle Armor Level 2, Protoss Ground Weapons Level 3, Terran Infantry Armor Level 3, Terran Infantry Weapons Level 2, Extended Thermal Lance, Zerg Flyer Weapons Level 3, Protoss Ground Weapons Level 1, Terran Infantry Weapons Level 3, Terran Ship Weapons Level 1, Protoss Shields Level 3, Zerg Missile Weapons Level 3, Protoss Ground Armor Level 1, Protoss Air Weapons Level 3, Protoss Ground Weapons Level 2, Terran Vehicle Weapons Level 3, Building Armor, Terran Vehicle Weapons Level 2, Warp Gate, Zerg Flyer Weapons Level 1  
  12  0:01  Ventral Sacs, Adrenal Glands  
    0:07  Enduring Locusts  
    0:08  Personal Cloaking  
    0:14  Psionic Storm  
    0:15  Durable Materials, Centrifical Hooks, Metabolic Boost, Infernal Pre-Igniter, Chitinous Plating, Cloaking Field, Neural Parasite, Neosteel Frame, Corvid Reactor, Tunneling Claws, Glial Reconstitution, Combat Shields  
    0:23  Burrow, SCV x12, Muscular Augments x2  
    0:35  Unknown  
    0:37  Hi-Sec Auto Tracking, Caduceus Reactor, Behemoth Reactor, Observer Gravitic Boosters, Pathogen Glands, Moebius Reactor, Graviton Catapult, Gravitic Drive  
  12  0:51  Concussive Shells, Pneumatized Carapace, Weapon Refit  
  12  1:34  Unknown x5  
    2:15  SCV x12  
    2:27  Unknown  
Show
View Real Time Build Order
Export as new Build Order

A.I. 1 (Very Easy) Protoss 

Build Orders: Blink Stalkers 

Get SALT Encoding   

  1  0:00  Charge, Terran Vehicle Armor Level 1, Protoss Air Weapons Level 2, Terran Ship Armor Level 3, Terran Ship Armor Level 1, Protoss Ground Armor Level 3, Zerg Ground Armor Level 1, Zerg Missile Weapons Level 2, Resonating Glaives, Zerg Melee Weapons Level 1, Protoss Ground Armor Level 2, Zerg Flyer Armor Level 2, Zerg Melee Weapons Level 3, Zerg Flyer Armor Level 1, Terran Ship Weapons Level 3, Protoss Air Armor Level 2, Terran Infantry Armor Level 2, Zerg Missile Weapons Level 1, Terran Ship Armor Level 2, Terran Vehicle Armor Level 3, Blink, Zerg Flyer Armor Level 3, Terran Vehicle Weapons Level 1, Zerg Flyer Weapons Level 2, Zerg Ground Armor Level 2, Terran Infantry Weapons Level 1, Terran Infantry Armor Level 1, Protoss Shields Level 2, Protoss Shields Level 1, Zerg Melee Weapons Level 2, Terran Ship Weapons Level 2, Protoss Air Armor Level 1, Stimpack, Protoss Air Weapons Level 1, Zerg Ground Armor Level 3, Protoss Air Armor Level 3, Terran Vehicle Armor Level 2, Protoss Ground Weapons Level 3, Terran Infantry Armor Level 3, Terran Infantry Weapons Level 2, Extended Thermal Lance, Zerg Flyer Weapons Level 3, Protoss Ground Weapons Level 1, Terran Infantry Weapons Level 3, Terran Ship Weapons Level 1, Protoss Shields Level 3, Zerg Missile Weapons Level 3, Protoss Ground Armor Level 1, Protoss Air Weapons Level 3, Protoss Ground Weapons Level 2, Terran Vehicle Weapons Level 3, Building Armor, Terran Vehicle Weapons Level 2, Warp Gate, Zerg Flyer Weapons Level 1  
  12  0:01  Ventral Sacs, Adrenal Glands  
    0:07  Enduring Locusts  
    0:08  Personal Cloaking  
    0:14  Psionic Storm  
    0:15  Durable Materials, Centrifical Hooks, Metabolic Boost, Infernal Pre-Igniter, Chitinous Plating, Cloaking Field, Neural Parasite, Neosteel Frame, Corvid Reactor, Tunneling Claws, Glial Reconstitution, Combat Shields  
    0:23  Burrow, Muscular Augments x2  
    0:25  Probe x12 (Chrono Boost)  
    0:35  Unknown  
    0:37  Hi-Sec Auto Tracking, Caduceus Reactor, Behemoth Reactor, Observer Gravitic Boosters, Pathogen Glands, Moebius Reactor, Graviton Catapult, Gravitic Drive  
  13  0:51  Concussive Shells, Pneumatized Carapace, Weapon Refit  
  13  1:17  Probe (Chrono Boost)  
  14  1:34  Unknown x5  
    2:16  Probe x12 (Chrono Boost)  
    2:27  Unknown  
  13  4:02  Probe (Chrono Boost)  
  13  4:16  Pylon  
Tags
 
Add a new tag
Caveats
  • Supply blocks, unpowered buildings, or Contaminate may cause inaccurate times.
  • Supply counts are checked every 10 seconds.